 Dungeon Crawl Stone Soup version 0.29.1-12-g30fa7ad0bf (webtiles) character file.

Game seed: 6198585177114542602

1131 soggyman666 the Chopper (level 8, 0/70 HPs)
             Began as a Minotaur Fighter on Dec 29, 2022.
             Killed from afar by an electric eel (3 damage)
             ... with a bolt of electricity
             ... on level 5 of the Dungeon.
             The game lasted 00:07:45 (4378 turns).

soggyman666 the Chopper (Minotaur Fighter)          Turns: 4378, Time: 00:07:46

Health: 0/70       AC: 12    Str: 23    XL:     8   Next: 13%
Magic:  7/7        EV: 25    Int:  5    God:
Gold:   275        SH:  5    Dex: 10    Spells: 7/7 levels left

rFire   . . .      SeeInvis .   a - +0 war axe
rCold   + . .      Faith    .   c - +0 buckler
rNeg    + . .      Spirit   .   b - +0 scale mail
rPois   .          Reflect  .   (helmet restricted)
rElec   .          Harm     .   g - +0 cloak
rCorr   .          Rampage  .   n - +1 pair of gloves
Will    .....                   s - +0 pair of boots
Stlth   ..........              r - amulet of the acrobat
HPRegen 0.21/turn               i - ring of positive energy
MPRegen 0.10/turn               m - ring of protection from cold

@: acrobatic
A: horns 2, retaliatory headbutt
a: no special abilities


You were on level 5 of the Dungeon.
You visited 1 branch of the dungeon, and saw 6 of its levels.

You collected 275 gold pieces.

Inventory:

Hand Weapons
 a - a +0 war axe (weapon)
 k - a +2 vorpal flail
Missiles
 o - 2 javelins (quivered)
Armour
 b - a +0 scale mail (worn)
 c - a +0 buckler (worn)
 g - a +0 cloak (worn)
 n - a +1 pair of gloves (worn)
 s - a +0 pair of boots (worn)
Jewellery
 e - a ring of ice
 i - a ring of positive energy (left hand)
 m - a ring of protection from cold (right hand)
 r - an amulet of the acrobat (around neck)
Wands
 w - a wand of iceblast (9)
Scrolls
 p - a scroll of fear
 q - 5 scrolls of teleportation
 t - a scroll of blinking {unknown}
 u - a scroll of enchant weapon {unknown}
 v - 2 scrolls of fog
Potions
 d - a potion of might
 f - a potion of flight
 h - 5 potions of curing {unknown}
 j - 3 potions of lignification
 l - a potion of heal wounds
 x - 3 potions of attraction {unknown}


   Skills:
 + Level 6.0 Fighting
 * Level 7.0 Axes
 + Level 6.0 Armour
 + Level 3.8 Dodging
 + Level 5.9 Shields


You had 7 spell levels left.
You didn't know any spells.
Your spell library contained the following spells:

 Spells                   Type           Power      Damage    Failure   Level
 Foxfire                  Conj/Fire      0%         2x1d4     85%         1
 Conjure Flame            Conj/Fire      0%         6-21      99%         3
 Inner Flame              Hex/Fire       0%         N/A       99%         3
 Flame Wave               Conj/Fire      0%         2d4       100%        4


Dungeon Overview and Level Annotations

Branches:
Dungeon (6/15)
 Temple: D:4-7

Altars:
Fedhas
Qazlal
Yredelemnul


Innate Abilities, Weirdness & Mutations

You have a pair of horns on your head.
You reflexively headbutt those who attack you in melee.


Message History

The bolt of electricity hits the plant!
The plant begins to die.
The bolt of electricity misses you.
There is an open door here.
Aiming: Iceblast
Press: ? - help, Shift-Dir - straight line
Okay, then.
The electric eel shoots out a bolt of lightning at you!
The bolt of electricity hits the plant!
The bolt of electricity hits you.
You enter the shallow water.
Moving in this stuff is going to be slow.
A nearby plant withers and dies.
The electric eel shoots out a bolt of lightning at you!
The bolt of electricity hits the electric eel.
The electric eel completely resists.
The bolt of electricity hits you.
The electric eel shoots out a bolt of lightning at you!
The bolt of electricity hits the electric eel.
The electric eel completely resists.
The bolt of electricity misses you.
You enter the shallow water.
Moving in this stuff is going to be slow.
The electric eel shoots out a bolt of lightning at you!
The bolt of electricity hits you!
The electric eel shoots out a bolt of lightning at you!
The bolt of electricity hits the electric eel.
The electric eel completely resists.
The bolt of electricity hits you!
The electric eel shoots out a bolt of lightning at you!
The bolt of electricity hits you!
The electric eel shoots out a bolt of lightning at you!
The bolt of electricity misses you. The bolt of electricity hits you!
* * * LOW HITPOINT WARNING * * *
The electric eel shoots out a bolt of lightning at you!
The bolt of electricity misses the electric eel.
The bolt of electricity misses you. The bolt of electricity hits you.
* * * LOW HITPOINT WARNING * * *
There is an open door here.
The electric eel shoots out a bolt of lightning at you!
The bolt of electricity hits you!
* * * LOW HITPOINT WARNING * * *
The electric eel shoots out a bolt of lightning at you!
The bolt of electricity hits you.
You die...

.........#~.?$$##≈≈≈##~#.........
........##~PP~.#≈≈.≈≈#~#.........
......####.~...#.S~[.#~#.........
....### #.....#:.SP(#~#.........
.#### ....#PS.P~#.#......... ##
######+..##.....#.#.........
###..#..#####.....#.###.......
#....##...~~##'..##.# ####....
#.....#####~~@####~## ###..
##........###..~~~## ##.
#..........####### ##
##...........# # #...........#
##..........## #...........# ###
##..........# #.###.........###


You could see 3 electric eels.

Vanquished Creatures
  Sigmund (D:5)
  2 black bears
  An ice beast (D:5)
  A sky beast (D:6)
  2 phantoms (D:5)
  A necrophage (D:5)
  A scorpion (D:4)
  A howler monkey (D:5)
  A hound (D:5)
  An iguana (D:6)
  Terence (D:2)
  3 orc wizards
  4 adders
  A white imp (D:6)
  A worm (D:2)
  2 dart slugs
  14 orcs
  4 ball pythons
  7 bats
  3 endoplasms
  A giant cockroach (D:1)
  6 goblins
  8 hobgoblins
  3 jackals (D:3)
  7 kobolds
  3 quokkas
  4 frilled lizards
  4 rats
  A spectral orc (D:4)
89 creatures vanquished.

Vanquished Creatures (others)
  2 plants (D:5)
2 creatures vanquished.

Grand Total: 91 creatures vanquished

Notes
Turn   | Place    | Note
-------+----------+-------------------------------------------
     0 | D:1      | soggyman666 the Minotaur Fighter began the quest for the
                  | Orb.
     0 | D:1      | Reached XP level 1. HP: 19/19 MP: 0/0
   142 | D:1      | Reached XP level 2. HP: 27/27 MP: 1/1
   557 | D:1      | Reached skill level 3 in Axes
   802 | D:2      | Reached XP level 3. HP: 33/33 MP: 2/2
  1215 | D:2      | Noticed Terence
  1222 | D:2      | Killed Terence
  1223 | D:2      | Reached skill level 1 in Dodging
  1223 | D:2      | Reached XP level 4. HP: 38/40 MP: 3/3
  1804 | D:3      | Found a faded altar of an unknown god.
  2033 | D:3      | Found a blossoming altar of Fedhas.
  2291 | D:4      | Noticed a black bear
  2303 | D:4      | Killed a black bear
  2304 | D:4      | Reached skill level 4 in Axes
  2304 | D:4      | Reached XP level 5. HP: 34/47 MP: 4/4
  2550 | D:4      | Reached XP level 6. HP: 53/53 MP: 5/5
  2598 | D:4      | Reached skill level 5 in Axes
  2603 | D:4      | Found a stormy altar of Qazlal.
  2651 | D:4      | Found a basalt altar of Yredelemnul.
  3105 | D:5      | Entered Level 5 of the Dungeon
  3320 | D:5      | Noticed an ice beast
  3330 | D:5      | Killed an ice beast
  3331 | D:5      | Reached skill level 5 in Fighting
  3331 | D:5      | Reached skill level 5 in Armour
  3331 | D:5      | Reached skill level 5 in Shields
  3346 | D:5      | Reached XP level 7. HP: 54/61 MP: 6/6
  3478 | D:6      | Reached skill level 6 in Axes
  3853 | D:5      | Noticed Sigmund
  3895 | D:5      | Killed Sigmund
  3896 | D:5      | Reached skill level 7 in Axes
  3896 | D:5      | Reached XP level 8. HP: 61/70 MP: 7/7
  4378 | D:5      | HP: 3/70 [electric eel/bolt of electricity (11)]
  4378 | D:5      | Killed from afar by an electric eel

Illustrated notes

Levels and vault maps discovered:
D:1:      minmay_arrival_hallway, layout_loops_ring
D:2:      layout_loops_ring, uniq_terence
D:3:      layout_basic, fedhas_altar_2, ebering_ecumenical_altar_sacrificial
D:4:      minmay_evil_eye, layout_cave_pods,
          yredelemnul_forgotten_temple_becter, nicolae_qazlal_eye_of_the_storm
D:5:      cheibrodos_two_vegetables, layout_cave_pods, uniq_sigmund
D:6:      layout_basic, mainiacjoe_overflow_alcove_1,
          minmay_temple_entry_gardened_gates, serial_glass, glass_columns_c,
          glass_columns_a, glass_columns_c, glass_columns_c, item_on_display_a,
          due_unseen_surprise, item_on_display_a, chequers_serial_rivers_large_b

Skill      XL: |  1  2  3  4  5  6  7 |
---------------+----------------------+-----
Shields        | 4 5 |  5.9
Fighting       | 4 5 6 |  6.0
Axes           | 3 4 5 7 |  7.0
Armour         | 4 5 6 |  6.0
Dodging        | 1 2 3 |  3.8

Action                   |  1- 3 |  4- 6 |  7- 9 || total
-------------------------+-------+-------+-------++-------
Melee: War axe           |    65 |    88 |    90 ||   243
       Headbutt          |     5 |    10 |    16 ||    31
  Use: Scroll            |     3 |     7 |     1 ||    11
       Potion            |       |     1 |     1 ||     2
Armor: Scale mail        |    22 |    58 |    73 ||   153
Dodge: Dodged            |    29 |    53 |    59 ||   141
Block: Buckler           |    17 |    22 |    15 ||    54
